 Dungeon Crawl Stone Soup version 0.28.0-45-g0d030f2227 (webtiles) character file.

Game seed: 6144885567575611722

1446 GilGalad the Magician (level 8, -9/41 HPs)
             Began as a Deep Elf Fire Elementalist on Apr 9, 2022.
             Was a Follower of Ashenzari.
             Mangled by a wyvern (15 damage)
             ... on level 6 of the Dungeon.
             The game lasted 00:22:34 (10285 turns).

GilGalad the Magician (Deep Elf Fire Elementalist) Turns: 10285, Time: 00:22:34

Health: -9/41      AC:  3    Str:  5    XL:     8   Next: 46%
Magic:  15/19      EV: 18    Int: 21    God:    Ashenzari [*.....]
Gold:   219        SH:  0    Dex: 17    Spells: 19/20 levels left

rFire   . . .      SeeInvis .   v - +3 dagger
rCold   . . .      Faith    .   (no shield)
rNeg    . . .      Spirit   .   c - +0 leather armour
rPois   .          Reflect  .   (no helmet)
rElec   .          Harm     .   (no cloak)
rCorr   .          Rampage  .   (no gloves)
Will    .....                   (no boots)
Stlth   +++.......              k - amulet of Ashenzari's Regret {Acrobat, Alch, Evo} (curse)
HPRegen 0.13/turn               b - ring of Ashenzari's Inaction {EV+4, Elem, Bglg} (curse)
MPRegen 0.16/turn               (no ring)

@: no status effects
A: no striking features
a: Renounce Religion, Shatter the Chains


You were on level 6 of the Dungeon.
You worshipped Ashenzari.
Ashenzari was aware of your devotion.
You visited 2 branches of the dungeon, and saw 8 of its levels.

You collected 274 gold pieces.
You spent 55 gold pieces at shops.

Inventory:

Hand Weapons
 m - a +0 spear
 v - a +3 dagger (weapon)
Armour
 a - a +0 robe
 c - a +0 leather armour (worn)
 h - an orb of wrath
Jewellery
 b - the cursed ring of Ashenzari's Inaction (left hand) {EV+4, Elem, Bglg}
   (You found it on level 3 of the Dungeon)

   [ring of evasion]

   EV:        It affects your evasion (+4).
   It has a curse which improves the following skills: Elements: Fire Magic, Ice
   Magic, Air Magic and Earth Magic.
   Beguiling: Conjurations, Hexes and Translocations.
 k - the cursed amulet of Ashenzari's Regret (around neck) {Acrobat, Alch, Evo}
   (You found it on level 3 of the Dungeon)

   [amulet of the acrobat]

   It increases your evasion while moving and waiting.
   It has a curse which improves the following skills: Alchemy: Poison Magic and
   Transmutations.
   Evocations: Evocations.
 s - an amulet of regeneration
Wands
 f - a wand of flame (26)
Scrolls
 d - 7 scrolls of identify
 e - 3 scrolls of vulnerability
 g - a scroll of teleportation
 i - a scroll of immolation
 j - a scroll of fog
 t - a scroll of amnesia
 u - 2 scrolls of fear
Potions
 l - 2 potions of heal wounds
 n - 3 potions of might
 o - a potion of magic
 p - 2 potions of degeneration
 q - 2 potions of curing
 r - a potion of cancellation


   Skills:
 + Level 6.0 Dodging
 + Level 6.4 Stealth
 + Level 6.5 Spellcasting
 - Level 4.5(5.4) Conjurations
 * Level 2.4 Summonings
 - Level 5.5(6.4) Fire Magic
 * Level 2.2(2.9) Air Magic


You had 19 spell levels left.
You knew the following spells:

 Your Spells              Type           Power      Damage    Failure   Level
a - Foxfire               Conj/Fire      100%       2x1d9     1%          1

Your spell library contained the following spells:

 Spells                   Type           Power      Damage    Failure   Level
 Scorch                   Fire           66%        2d8       1%          2
 Shock                    Conj/Air       96%        1d9       2%          1
 Conjure Flame            Conj/Fire      31%        6-21      4%          3
 Inner Flame              Hex/Fire       20%        N/A       12%         3
 Swiftness                Air            19%        N/A       14%         3
 Flame Wave               Conj/Fire      31%        2d8       14%         4
 Airstrike                Air            9%         N/A       41%         4
 Summon Lightning Spire   Summ/Air       18%        N/A       45%         4
 Lightning Bolt           Conj/Air       12%        1d25      61%         5


Dungeon Overview and Level Annotations

Branches:
Dungeon (7/15)             Temple (1/1) D:4

Altars:
Ashenzari
Elyvilon
Fedhas
Gozag
Makhleb
Okawaru
Ru
Trog
Yredelemnul

Shops:
D:6 !

Annotations:
D:2 Terence
D:6 1 runed translucent door, Vizrt's ghost, novice DjWz


Message History

The wyvern is lightly wounded.
The wyvern completely misses you.
There is a stone staircase leading up here.
The foxfire hits the wyvern but does no damage.
The wyvern is lightly wounded.
The wyvern closely misses you.
You climb upwards.
Level annotation: 1 runed translucent door, Vizrt's ghost, novice DjWz
There is a stone staircase leading down here.
The wyvern barely misses you. The wyvern completely misses you.
The wyvern completely misses you. The wyvern completely misses you.
The wyvern misses you. The wyvern bites you! The wyvern completely misses you.
You conjure some foxfire!
The wyvern completely misses you. The wyvern bites you!!
You are too injured to fight recklessly!
Your foxfire dissipates!
The foxfire hits the wyvern.
The wyvern is moderately wounded.
The wyvern completely misses you. The wyvern closely misses you.
You are too injured to fight recklessly!
Casting: Foxfire (safe; 1% risk of failure)
Confirm with . or Enter, or press ? or * to list all spells.
You conjure some foxfire!
The wyvern bites you.
* * * LOW HITPOINT WARNING * * *
Casting: Foxfire (safe; 1% risk of failure)
Confirm with . or Enter, or press ? or * to list all spells.
You conjure some foxfire!
The foxfire hits the wyvern but does no damage.
The wyvern is moderately wounded.
The foxfire hits the wyvern!
The wyvern is heavily wounded.
The wyvern bites you.
* * * LOW HITPOINT WARNING * * *
The wyvern hisses menacingly.
The wyvern bites you!
You die...

#.#.#####.#
#.....##..?..#
#.#§# #.#
#.##...##W..##
#.#§#####.####
#.###...##⌠##.
#.#Z#........# #.#
#....###[.
#.#.#.###.##.# #.#
#.#.......
#.#.#.###.#..# #.#
#.........
#.#........).# #.#
###....#..
#.###.###.#lv# #.#
#....##. #.# #.#
#.#(@#
#.#####....###
#<###.# #)#§v#
#.....'....'..
#.....# #[#..#
#######....###
#{##### #.#..#
#....### #.#
#.#..# #.......
#g# #.########
#.......
#.#######........#
#.......
#o#...........##.#
####....
#o#...........##.#
#....


You could see a wyvern (ally target).

Vanquished Creatures
  An orc warrior (D:4)
  A sky beast (D:5)
  2 ogres
  A scorpion (D:6)
  A water moccasin zombie (D:6)
  A water moccasin skeleton (D:6)
  A howler monkey (D:5)
  4 orc priests
  A bullfrog skeleton (D:6)
  4 hounds
  A centaur skeleton (D:5)
  Natasha (thrice) (D:4)
  3 iguanas
  5 orc wizards
  A killer bee zombie (D:6)
  2 hound skeletons (D:4)
  Robin (D:2)
  7 gnolls
  5 adders
  An ufetubus (D:5)
  2 worms (D:3)
  A dart slug (D:2)
  17 orcs
  6 bats
  7 endoplasms
  8 giant cockroaches
  12 goblins
  6 hobgoblins
  3 jackals (D:1)
  9 quokkas
  10 ball pythons
  11 frilled lizards
  3 kobolds
  10 rats
151 creatures vanquished.

Vanquished Creatures (others)
  894 foxfires
894 creatures vanquished.

Grand Total: 1045 creatures vanquished

Notes
Turn   | Place    | Note
-------+----------+-------------------------------------------
     0 | D:1      | GilGalad the Deep Elf Fire Elementalist began the quest for
                  | the Orb.
     0 | D:1      | Reached XP level 1. HP: 10/10 MP: 6/6
   228 | D:1      | Reached XP level 2. HP: 15/15 MP: 2/8
   789 | D:1      | Reached XP level 3. HP: 19/19 MP: 6/9
  1000 | D:1      | Found a faded altar of an unknown god.
  1501 | D:2      | Noticed Terence
  2210 | D:2      | Reached XP level 4. HP: 24/24 MP: 5/11
  2213 | D:2      | Noticed Robin
  2309 | D:2      | Killed Robin
  2509 | D:2      | Found a burning altar of Makhleb.
  2659 | D:2      | You fall into a shaft and drop 2 floors!
  3330 | D:3      | Reached XP level 5. HP: 28/28 MP: 8/13
  4743 | D:4      | Found a staircase to the Ecumenical Temple.
  4752 | Temple   | Entered the Ecumenical Temple
  4908 | Temple   | Became a worshipper of Ashenzari the Shackled
  5098 | D:4      | Noticed Natasha
  5102 | D:4      | Killed Natasha
  5293 | D:4      | Reached XP level 6. HP: 32/32 MP: 7/14
  5531 | D:5      | Entered Level 5 of the Dungeon
  5688 | D:5      | Noticed a sky beast
  5754 | D:5      | Reached skill level 5 in Spellcasting
  5880 | D:5      | Reached skill level 5 in Stealth
  5880 | D:5      | Reached XP level 7. HP: 36/36 MP: 9/16
  6163 | D:5      | Reached skill level 5 in Fire Magic
  6696 | D:6      | Noticed Vizrt's ghost (novice DjWz)
  6696 | D:6      | Found a runed translucent door.
  6842 | D:4      | Noticed Natasha
  7237 | D:4      | Reached skill level 5 in Dodging
  7498 | D:4      | Killed Natasha
  7523 | D:4      | Noticed Natasha
  7528 | D:4      | Killed Natasha
  7644 | D:4      | Found a staircase to the Ecumenical Temple.
  8731 | D:6      | Found Ywnixio's Distillery.
  8773 | D:6      | Bought a potion of heal wounds for 55 gold pieces
  8821 | D:6      | Reached XP level 8. HP: 37/41 MP: 15/19
  9066 | D:6      | Reached skill level 1 in Summonings
  9184 | D:6      | Reached skill level 1 in Air Magic
  9264 | D:6      | Reached * piety under Ashenzari
  9561 | D:6      | Found a blossoming altar of Fedhas.
 10285 | D:6      | Mangled by a wyvern

Illustrated notes

Levels and vault maps discovered:
D:1:      psy_arrival_spokes, layout_rooms,
          shapermc_ecumenical_altar_totnotflames, minmay_lizard_pond
D:2:      layout_rooms, basic_altar, uniq_robin, uniq_terence
D:3:      layout_basic
D:4:      layout_cave_pools, minmay_temple_entry_grid, item_on_display_a,
          uniq_natasha
D:5:      layout_loops_ring
D:6:      layout_basic, nicolae_overflow_hidden_temple,
          hellmonk_ghost_happy_afterlife, serial_shops, shop
D:7:      layout_loops_ring, lemuel_mausoleum_altar_kikubaaqudgha, serial_shops,
          nicolae_shop_temple_entry_statues_fountains,
          gammafunk_ghost_abyssal_escape, minmay_misc_feat_plants, uniq_pikel
Temple:   mainiacjoe_temple_big_plus

Skill      XL: |  1  2  3  4  5  6  7  8 |
---------------+-------------------------+-----
Stealth        | 3 4 5 6 |  6.4
Dodging        | 3 4 5 6 |  6.0
Conjurations   | 2 3 4 |  4.5
Spellcasting   | 4 5 6 |  6.5
Fire Magic     | 4 5 |  5.5
Summonings     | 2 |  2.4
Air Magic      | 2 |  2.2

Action                   |  1- 3 |  4- 6 |  7- 9 || total
-------------------------+-------+-------+-------++-------
Melee: Spear             |       |       |     1 ||     1
Throw: Boomerang         |       |     1 |       ||     1
 Cast: Foxfire           |   133 |   220 |   176 ||   529
Invok: Curse Item        |       |       |     2 ||     2
 Stab: Sleeping          |       |       |     1 ||     1
Armor: Robe              |     1 |       |       ||     1
       Leather armour    |     3 |     3 |     3 ||     9
Dodge: Dodged            |    15 |    25 |    70 ||   110
